 Dungeon Crawl Stone Soup version 0.27.1-34-g3ba077fa99 (webtiles) character file.

Game seed: 8763819265950196046

5 zeram the Sneak (level 1, 0/14 HPs)
             Began as an Octopode Brigand on Jan 21, 2022.
             Constricted to death by a ball python (1 damage)
             ... on level 1 of the Dungeon.
             The game lasted 00:00:31 (122 turns).

zeram the Sneak (Octopode Brigand)                   Turns: 122, Time: 00:00:32

Health: 0/14       AC:  1    Str: 10    XL:     1   Next: 80%
Magic:  1/1        EV:  9    Int: 13    God:
Gold:   8          SH:  0    Dex: 13    Spells: 0/0 levels left

rFire    . . .     SeeInvis .   a - +2 dagger
rCold    . . .     Faith    .   (no shield)
rNeg     . . .     Spirit   .   (helmet restricted)
rPois    .         Reflect  .   (no amulet)
rElec    .         Harm     .   (no ring)
rCorr    .         Rampage  .   (no ring)
Will     .....                  (no ring)
Stlth    ++++......             (no ring)
HPRegen  0.04/turn              (no ring)
MPRegen  0.07/turn              (no ring)
                                (no ring)
                                (no ring)

@: constricted
A: almost no armour, amphibious, 8 rings, camouflage 1, gelatinous body 1,
(nimble swimmer 1), tentacles
a: no special abilities


You were on level 1 of the Dungeon.
You visited 1 branch of the dungeon, and saw 1 of its levels.

You collected 8 gold pieces.

Inventory:

Hand Weapons
 a - a +2 dagger (weapon)
Missiles
 b - 8 poisoned darts (quivered)
 c - 2 curare-tipped darts
Scrolls
 d - a scroll of enchant armour {unknown}


   Skills:
 - Level 2.0 Fighting
 - Level 2.0 Short Blades
 - Level 2.0 Throwing
 - Level 1.0 Dodging
 + Level 5.8 Stealth


You couldn't memorise any spells.
You didn't know any spells.
Your spell library was empty.

Dungeon Overview and Level Annotations

Branches:
Dungeon (1/15)

Altars:

Shops:
D:1 ?


Innate Abilities, Weirdness & Mutations

You cannot wear most types of armour.
You are amphibious.
You can wear up to eight rings at the same time.
Your skin changes colour to match your surroundings (Stealth+).
Your rubbery body absorbs attacks. (AC +1, EV +1)
((You are camouflaged near water. (Stealth+)))
You have tentacles for arms and can constrict up to eight enemies at once.


Message History

You barely miss the bat.
The kobold shouts!
Your grab misses the bat. The bat misses you.
A kobold comes into view. It is wielding a +0 club.
Found 26 stones and a glowing buckler.
The bat hits you but does no damage.
A quokka comes into view.
The kobold shouts!
You hit the hobgoblin but do no damage. You grab the hobgoblin.
You constrict the hobgoblin. The bat barely misses you.
The kobold throws a stone.
The stone closely misses you. The hobgoblin closely misses you.
You hit the hobgoblin but do no damage. You squeeze the hobgoblin.
You kill the hobgoblin!
The bat hits you but does no damage.
You hit the bat.
You kill the bat!
The kobold hits you with a +0 short sword.
An endoplasm comes into view.
The endoplasm quivers.
You hit the goblin.
You kill the goblin!
The ball python bites you. The ball python barely misses you.
The kobold completely misses you.
Unknown command.
You are too injured to fight recklessly!
You are too injured to fight recklessly!
Unknown command.
The kobold throws a stone.
The stone closely misses you. The ball python closely misses you.
The ball python completely misses you. The ball python bites you.
* * * LOW HITPOINT WARNING * * *
The ball python grabs you. The ball python constricts you.
* * * LOW HITPOINT WARNING * * *
You escape the ball python's grasp.
You aren't carrying any potions.
You barely miss the ball python. You grab the ball python.
You constrict the ball python. The ball python bites you.
* * * LOW HITPOINT WARNING * * *
The ball python grabs you. The ball python constricts you.
You die...

##.#.#†.#..# #
###.∩....###.###### #..
#....#.### #......# #..
#...##.###.........
#.#####..##......##......
...#.†.....##.## #......
####.#..#######.# #......
##......###### # ##.....
#..#....KS@..# ......
...#..#....r###....#
......
............?.....##
.....#.†.K..#####...
(......J....# ##.
......)†...K#
..#....#.......#
................
....##...........


You could see an endoplasm, a quokka, a ball python and 2 kobolds.

Vanquished Creatures
  A hobgoblin (D:1)
  A ball python (D:1)
  A bat (D:1)
  A frilled lizard (D:1)
  A goblin (D:1)
  2 rats (D:1)
7 creatures vanquished.

Notes
Turn   | Place    | Note
-------+----------+-------------------------------------------
     0 | D:1      | zeram the Octopode Brigand began the quest for the Orb.
     0 | D:1      | Reached XP level 1. HP: 14/14 MP: 1/1
     3 | D:1      | Noticed an electric eel
     4 | D:1      | Noticed an electric eel
    25 | D:1      | Found Oveuch's Magic Scroll Boutique.
   122 | D:1      | Constricted to death by a ball python

Illustrated notes

Levels and vault maps discovered:
D:1:      arrival_aquarium_b, layout_rooms, shapermc_ecumenical_altar_petra,
          serial_shops, shop, minmay_hedge_maze, skrybe_limestone_x,
          minivault_4, minmay_indecisive_spiral

Action                   || total
-------------------------++-------
Melee: Dagger            ||    10
       Constrict         ||     2
       Tentacles         ||     1
 Stab: Sleeping          ||     3
Armor: Skin              ||     2
Dodge: Dodged            ||     9
